 Dungeon Crawl Stone Soup version 0.31-a0-620-gd1cbd99268 (webtiles) character file.

Game seed: 189896527232566598

74 heikuro the Shield-Bearer (level 4, -7/37 HPs)
             Began as a Formicid Fighter on Aug 23, 2023.
             Was a Believer of Fedhas.
             Killed by divine providence
             ... invoked by an orc priest
              (13 damage)
             ... on level 2 of the Dungeon.
             The game lasted 00:03:52 (1332 turns).

heikuro the Shield-Bearer (Formicid Fighter)        Turns: 1332, Time: 00:03:53

Health: -7/37      AC:  9    Str: 22    XL:     4   Next: 52%
Magic:  4/4        EV:  9    Int:  8    God:    Fedhas [**....]
Gold:   123        SH:  5    Dex: 13    Spells: 3/3 levels left

rFire   . . .        a - +0 war axe
rCold   . . .        c - +0 buckler
rNeg    . . .        b - +0 scale mail
rPois   .            (helmet unavailable)
rElec   .            (no cloak)
rCorr   .            j - +0 pair of gloves
SInv    +            q - +0 pair of boots
Will    .....        h - amulet of magic regeneration Stlth
                     (no ring)
HPRegen 0.26/turn    (no ring)
MPRegen 0.49/turn

%: no passive effects
@: no status effects
A: permanent stasis, dig shafts and tunnels, antennae 3, four strong arms
a: Dig, Shaft Self, Renounce Religion, Wall of Briars


You were on level 2 of the Dungeon.
You worshipped Fedhas.
Fedhas was pleased with you.
You visited 1 branch of the dungeon, and saw 2 of its levels.

You collected 123 gold pieces.

Inventory:

Hand Weapons
 a - a +0 war axe (weapon)
Missiles
 k - 2 poisoned darts
 t - 4 curare-tipped darts
Armour
 b - a +0 scale mail (worn)
 c - a +0 buckler (worn)
 j - a +0 pair of gloves (worn)
 q - a +0 pair of boots (worn)
Jewellery
 h - an amulet of magic regeneration (around neck)
Talismans
 f - a dragon-blood talisman
Scrolls
 g - 2 scrolls of amnesia {unknown}
 l - a scroll of vulnerability {unknown}
 m - a scroll of acquirement {unknown}
 n - a scroll of identify {unknown}
 o - a scroll of silence {unknown}
 r - a scroll of immolation {unknown}
 s - a scroll of revelation {unknown}
Potions
 d - a potion of might
 e - 2 potions of haste {unknown}
 i - a potion of mutation {unknown}
 p - a potion of degeneration {unknown}


   Skills:
 + Level 3.7 Fighting
 * Level 3.1 Axes
 + Level 3.7 Armour
 + Level 4.5 Shields
 + Level 1.0 Shapeshifting


You had 3 spell levels left.
You didn't know any spells.
Your spell library contained the following spells:

 Spells                   Type           Power      Damage    Failure   Level
 Sandblast                Erth           0%         2d4       80%         1
 Summon Small Mammal      Summ           0%         N/A       80%         1
 Cigotuvi's Dreadful Rot  Necr/Pois/Air  0%         N/A       90%         2
 Ignite Poison            Fire/Tmut/Pois 0%         N/A       99%         3
 Mephitic Cloud           Conj/Pois/Air  0%         N/A       99%         3
 Vampiric Draining        Necr           0%         2d6       99%         3
 Animate Armour           Summ/Erth      0%         N/A       100%        4
 Death Channel            Necr           0%         N/A       100%        6
 Malign Gateway           Summ/Tloc      0%         N/A       100%        7


Dungeon Overview and Level Annotations

Branches:
Dungeon (2/15)

Altars:
Fedhas

Shops:
D:1 (


Innate Abilities, Weirdness & Mutations

You cannot be hasted, slowed, berserked, paralysed or teleported.
You can dig through walls and to a lower floor.
You have a pair of large antennae on your head. (SInv)
Your four strong arms can wield two-handed weapons with a shield.


Message History

You kill the orc!
Fedhas appreciates your contribution to the ecosystem.
The orc hits you but does no damage.
The orc priest looks encouraged for a moment.
You hit the orc.
The orc is lightly wounded.
The orc hits you but does no damage.
You hit the orc.
The orc is heavily wounded.
You block the orc's attack.
The orc hits you with a +1 hand axe of freezing.
The orc freezes you.
You slash the orc!
You kill the orc!
Fedhas appreciates your contribution to the ecosystem.
You slash the orc!
You kill the orc!
Fedhas appreciates your contribution to the ecosystem.
You can now encircle yourself with summoned briar patches.
You slash the orc priest!
The orc priest is heavily wounded.
The orc priest hits you but does no damage.
The orc priest completely misses you.
You hit the orc priest.
The orc priest is almost dead.
The orc priest invokes the aid of Beogh against you.
Beogh smites you!
You barely miss the orc priest.
The orc priest is almost dead.
The orc priest mumbles some strange prayers to Beogh against you.
Beogh smites you!
* * * LOW HITPOINT WARNING * * *
You are too injured to fight recklessly!
You barely miss the orc priest.
The orc priest is almost dead.
The orc priest hits you but does no damage.
The orc priest invokes the aid of Beogh against you.
Beogh smites you!
You die...
Fedhas appreciates your contribution to the ecosystem.

# #############################
#...........†................
#.###########################
#.# <##########
#.################.#........[
#...........@oo?...#.########
########################.#######
..................†......#.....#
##########################.###.#
#.# #.# #.# #.# #.# #.# #.###.#
#...#.#


You could see an orc priest and an orc.

Vanquished Creatures
  An adder (D:2)
  2 worms (D:2)
  A dart slug (D:1)
  3 orcs (D:2)
  5 bats
  5 endoplasms
  3 giant cockroaches
  2 goblins (D:2)
  3 hobgoblins
  5 jackals (D:2)
  A quokka (D:1)
  7 ball pythons
  A frilled lizard (D:1)
  7 kobolds
  4 rats
50 creatures vanquished.

Notes
Turn   | Place    | Note
-------+----------+-------------------------------------------
     0 | D:1      | heikuro the Formicid Fighter began the quest for the Orb.
     0 | D:1      | Reached XP level 1. HP: 18/18 MP: 1/1
   115 | D:1      | Noticed a +0 rapier
   117 | D:1      | Found Wulixzal's Weapon Emporium.
   202 | D:1      | Noticed a +0 demon trident
   212 | D:1      | Reached XP level 2. HP: 24/24 MP: 2/2
   307 | D:1      | Got the Monograph on Maleficent Secrets and the Cwm
   364 | D:1      | Reached XP level 3. HP: 29/29 MP: 3/3
   755 | D:2      | Found a faded altar of an unknown god.
   759 | D:2      | Prayed at the altar of an unknown god.
   759 | D:2      | Became a worshipper of Fedhas Madash
   759 | D:2      | Reached * piety under Fedhas
  1029 | D:2      | Got the Information on the Cooperative Hornet
  1066 | D:2      | Reached XP level 4. HP: 33/36 MP: 4/4
  1167 | D:2      | Reached skill level 1 in Shapeshifting
  1328 | D:2      | Reached ** piety under Fedhas
  1332 | D:2      | Killed from afar by an orc priest

Illustrated notes

Levels and vault maps discovered:
D:1:      dpeg_arrival_rooms_c, layout_rooms, serial_shops,
          nicolae_shop_mannequins, supply_closet_lemuel
D:2:      layout_basic, shapermc_ecumenical_altar_venn, grunt_ministairs_3

Skill      XL: |  1  2  3  4 |
---------------+-------------+-----
Axes           | 3 |  3.1
Shapeshifting  | 1 |  1.0
Fighting       | |  3.7
Armour         | |  3.7
Shields        | |  4.5

Action                     |  1- 3 |  4- 6 || total
---------------------------+-------+-------++-------
  Melee: War axe           |    84 |    48 ||   132
 Armour: Scale mail        |    52 |    23 ||    75
  Dodge: Dodged            |    36 |    21 ||    57
  Block: Buckler           |    14 |     7 ||    21

Table legend: (Time is in decaauts)
 A = Elapsed time spent in this place.
 B = Non-inter-level travel time spent in this place.
 C = Inter-level travel time spent in this place.
 D = Time resting spent in this place.
 E = Time spent auto-exploring this place.
 F = Levels seen in this place.
 G = Mean time per level.
                   A        B        C        D        E       F      G
               +--------+--------+--------+--------+--------+-----+--------+
         Total |   1384 |   1359 |     25 |     71 |    584 |   2 |  692.0 |
       Dungeon |   1384 |   1359 |     25 |     71 |    584 |   2 |  692.0 |
               +--------+--------+--------+--------+--------+-----+--------+

Top non-repeatable levels by time:
     D:2: 740 daAuts
     D:1: 643 daAuts
